[ AOE2 MATCH · #507943921 ]
UnrankedTupi vs Mongols
Player's team · LOSS
Rival team · WIN
[ REPLAY ANALYSIS · EXTRACTED FROM THE RECORDED GAME ]
Feudal
9:40
Castle
—
Imperial
—
| APM avg | 36.3 |
| APM peak | 69 |
| eAPM avg | 25.2 |
| Villagers / military | 52 / 4 |
Focus
⚔️ 46.9% · 🌾 53.1%
Unknown (2550) ×7 · Spearman ×4
Feudal
9:41
Castle
13:53
Imperial
—
| APM avg | 50.1 |
| APM peak | 74 |
| eAPM avg | 19.6 |
| Villagers / military | 25 / 21 |
Focus
⚔️ 38.9% · 🌾 61.1%
Scorpion ×11 · Knight ×4 · Battering Ram ×3 · Steppe Lancer ×3
Match map
Initial resources + every placement click. Lines = walls · curves = elevation contours. ◆ gold · ⬟ stone · ● berries · ✦ relic · ◌ wall gap
Your base· Open — unwalled flank
Player46887455's base· Open — unwalled flank
Smoothed initial terrain · ◌ = detected wall gap · hover for details
Inputs per minute
— gupo57 - - Player46887455
Build order — gupo57
First 150 of 154 actions detected
| 0:00 | Queue | Villager (Male) |
| 0:01 | Queue | Villager (Male) |
| 0:01 | Queue | Villager (Male) |
| 0:02 | Build | House |
| 0:03 | Build | House |
| 0:18 | Queue | Villager (Male) |
| 1:29 | Queue | Villager (Male) |
| 1:30 | Queue | Villager (Male) |
| 1:39 | Build | House |
| 1:56 | Queue | Villager (Male) |
| 2:18 | Queue | Villager (Male) |
| 2:18 | Queue | Villager (Male) |
| 2:44 | Queue | Villager (Male) ×2 |
| 3:02 | Build | House |
| 3:23 | Queue | Villager (Male) |
| 3:32 | Build | Settlement |
| 4:07 | Queue | Villager (Male) |
| 4:07 | Queue | Villager (Male) |
| 4:11 | Queue | Villager (Male) |
| 4:37 | Queue | Villager (Male) |
| 4:37 | Queue | Villager (Male) |
| 4:38 | Queue | Villager (Male) |
| 4:38 | Queue | Villager (Male) |
| 5:14 | Build | House |
| 5:20 | Queue | Villager (Male) |
| 5:20 | Research | Loom |
| 6:14 | Build | Barracks |
| 7:25 | Research | Feudal Age |
| 7:28 | Queue | Unit 2550 |
| 8:12 | Queue | Unit 2550 |
| 8:12 | Queue | Unit 2550 |
| 9:09 | Build | Palisade Wall |
| 9:33 | Queue | Villager (Male) |
| 9:33 | Queue | Villager (Male) |
| 9:34 | Queue | Villager (Male) |
| 9:40 | Build | Palisade Wall |
| 9:40 | Age | Feudal Age |
| 9:46 | Research | Tech 1402 |
| 10:08 | Research | Town Watch |
| 10:15 | Build | Watch Tower |
| 10:21 | Research | Double-Bit Axe |
| 10:28 | Queue | Villager (Male) |
| 10:28 | Queue | Villager (Male) |
| 11:07 | Build | Watch Tower |
| 11:12 | Build | Palisade Wall |
| 11:14 | Build | Palisade Wall |
| 11:15 | Build | Palisade Wall |
| 11:16 | Queue | Villager (Male) |
| 11:16 | Queue | Villager (Male) |
| 12:10 | Build | Settlement |
| 12:12 | Queue | Villager (Male) |
| 12:12 | Queue | Villager (Male) |
| 12:32 | Build | Watch Tower |
| 12:44 | Build | Stone Wall |
| 12:45 | Build | Stone Wall |
| 12:46 | Build | Stone Wall |
| 12:47 | Build | Stone Wall |
| 12:48 | Build | Stone Wall |
| 12:48 | Build | Stone Wall |
| 12:56 | Queue | Villager (Male) |
| 13:27 | Build | Farm |
| 13:43 | Research | Arson |
| 13:57 | Queue | Villager (Male) |
| 14:14 | Build | Watch Tower |
| 14:23 | Build | Stone Wall |
| 14:24 | Build | Stone Wall |
| 14:25 | Build | Stone Wall |
| 14:27 | Build | Stone Wall |
| 14:28 | Build | Stone Wall |
| 14:31 | Build | Stone Wall |
| 14:48 | Build | Watch Tower |
| 14:50 | Build | Stone Wall |
| 14:51 | Build | Stone Wall |
| 14:52 | Build | Stone Wall |
| 14:53 | Build | Stone Wall |
| 14:55 | Build | Stone Wall |
| 14:57 | Build | Stone Wall |
| 14:58 | Build | Stone Wall |
| 15:17 | Queue | Villager (Male) |
| 15:17 | Queue | Villager (Male) |
| 15:22 | Queue | Spearman |
| 15:22 | Queue | Spearman |
| 15:44 | Build | Palisade Wall |
| 15:46 | Build | Palisade Wall |
| 15:49 | Build | Palisade Wall |
| 16:07 | Queue | Villager (Male) |
| 16:07 | Queue | Villager (Male) |
| 16:09 | Queue | Spearman |
| 16:11 | Build | Watch Tower |
| 16:14 | Build | Farm |
| 16:15 | Build | Farm |
| 16:16 | Queue | Villager (Male) |
| 16:29 | Build | Settlement |
| 16:34 | Build | Stone Wall |
| 16:35 | Build | Stone Wall |
| 16:39 | Build | Stone Wall |
| 16:58 | Queue | Spearman |
| 16:59 | Queue | Villager (Male) |
| 16:59 | Queue | Villager (Male) |
| 17:00 | Build | Farm |
| 17:16 | Build | Farm |
| 17:17 | Queue | Villager (Male) |
| 17:17 | Queue | Villager (Male) |
| 17:19 | Build | Farm |
| 17:47 | Build | Watch Tower |
| 17:51 | Queue | Villager (Male) |
| 17:51 | Queue | Villager (Male) |
| 17:54 | Build | Farm |
| 18:30 | Queue | Villager (Male) |
| 18:31 | Build | Farm |
| 18:36 | Build | Watch Tower |
| 18:57 | Build | Farm |
| 19:00 | Build | Stone Wall |
| 19:01 | Build | Stone Wall |
| 19:03 | Build | Stone Wall |
| 19:04 | Build | Stone Wall |
| 19:10 | Queue | Villager (Male) |
| 19:32 | Build | Stone Wall |
| 19:39 | Queue | Villager (Male) |
| 19:40 | Queue | Villager (Male) |
| 20:00 | Queue | Unit 2550 |
| 20:00 | Queue | Unit 2550 |
| 20:10 | Build | Stone Wall |
| 20:18 | Build | Stone Wall |
| 20:19 | Build | Stone Wall |
| 20:20 | Build | Stone Wall |
| 20:22 | Build | Stone Wall |
| 20:31 | Queue | Villager (Male) |
| 20:31 | Queue | Villager (Male) |
| 20:32 | Build | Farm |
| 20:36 | Build | Farm |
| 20:37 | Build | Farm |
| 20:39 | Build | Farm |
| 20:48 | Build | Palisade Wall |
| 20:53 | Build | Stone Wall |
| 20:55 | Build | Stone Wall |
| 20:57 | Build | Stone Wall |
| 21:00 | Build | Stone Wall |
| 21:02 | Build | Stone Wall |
| 21:11 | Build | Farm |
| 21:16 | Build | Farm |
| 21:18 | Queue | Villager (Male) |
| 21:27 | Queue | Villager (Male) |
| 21:47 | Build | Stone Wall |
| 21:48 | Build | Stone Wall |
| 21:49 | Build | Stone Wall |
| 22:11 | Queue | Villager (Male) |
| 22:12 | Queue | Villager (Male) |
| 23:52 | Build | Settlement |
| 24:07 | Queue | Unit 2550 |
Build order — Player46887455
89 actions detected in the replay
| 0:01 | Queue | Villager (Male) |
| 0:01 | Queue | Villager (Male) |
| 0:01 | Queue | Villager (Male) |
| 0:02 | Build | House |
| 0:03 | Build | House |
| 0:08 | Queue | Villager (Male) |
| 1:28 | Queue | Villager (Male) |
| 1:28 | Queue | Villager (Male) |
| 1:57 | Queue | Villager (Male) |
| 1:57 | Queue | Villager (Male) |
| 2:11 | Build | Mill |
| 2:20 | Queue | Villager (Male) |
| 2:20 | Queue | Villager (Male) |
| 2:23 | Queue | Villager (Male) |
| 2:24 | Queue | Villager (Male) |
| 3:15 | Queue | Villager (Male) |
| 3:16 | Queue | Villager (Male) |
| 3:16 | Queue | Villager (Male) |
| 3:16 | Queue | Villager (Male) |
| 3:16 | Queue | Villager (Male) |
| 3:49 | Build | House |
| 4:32 | Queue | Villager (Male) |
| 5:04 | Build | Lumber Camp |
| 5:14 | Queue | Villager (Male) |
| 5:31 | Queue | Villager (Male) |
| 5:58 | Build | House |
| 6:03 | Queue | Villager (Male) |
| 6:31 | Build | Mill |
| 6:40 | Queue | Villager (Male) |
| 6:41 | Research | Loom |
| 7:01 | Research | Feudal Age |
| 7:33 | Build | Palisade Wall |
| 7:35 | Build | Palisade Wall |
| 7:46 | Build | Palisade Wall |
| 8:04 | Build | Barracks |
| 8:24 | Queue | Villager (Male) |
| 8:24 | Queue | Villager (Male) |
| 8:59 | Build | Palisade Wall |
| 9:41 | Age | Feudal Age |
| 9:47 | Build | Market |
| 10:07 | Queue | Villager (Male) |
| 10:23 | Build | Palisade Wall |
| 10:52 | Build | Stable |
| 11:13 | Research | Castle Age |
| 11:25 | Research | Double-Bit Axe |
| 11:30 | Build | Palisade Wall |
| 11:38 | Build | Palisade Wall |
| 12:09 | Build | Mining Camp |
| 12:20 | Build | House |
| 12:24 | Build | Palisade Wall |
| 12:51 | Build | House |
| 13:03 | Build | Palisade Wall |
| 13:05 | Build | Palisade Wall |
| 13:36 | Build | Lumber Camp |
| 13:53 | Age | Castle Age |
| 13:55 | Queue | Steppe Lancer |
| 13:55 | Queue | Steppe Lancer |
| 13:58 | Build | House |
| 14:00 | Build | Palisade Wall |
| 14:03 | Build | Palisade Wall |
| 14:14 | Build | Palisade Wall |
| 14:29 | Queue | Knight |
| 14:59 | Queue | Steppe Lancer |
| 15:56 | Build | Blacksmith |
| 16:06 | Build | Mining Camp |
| 16:13 | Build | House |
| 16:14 | Build | Palisade Wall |
| 16:59 | Build | Siege Workshop |
| 17:41 | Queue | Scorpion |
| 17:43 | Build | House |
| 18:35 | Queue | Scorpion |
| 19:12 | Build | Lumber Camp |
| 19:22 | Queue | Battering Ram |
| 20:19 | Build | Mining Camp |
| 21:00 | Queue | Battering Ram |
| 21:11 | Build | House |
| 21:36 | Queue | Scorpion |
| 22:05 | Queue | Scorpion |
| 23:26 | Queue | Knight |
| 23:26 | Queue | Knight |
| 23:42 | Queue | Scorpion |
| 24:22 | Queue | Scorpion |
| 24:22 | Queue | Scorpion |
| 25:07 | Queue | Scorpion |
| 25:34 | Queue | Scorpion |
| 25:34 | Queue | Scorpion |
| 26:29 | Queue | Scorpion |
| 27:01 | Queue | Knight |
| 27:08 | Queue | Battering Ram |
Match timeline
| 6:14 | gupo57 · first_building Barracks |
| 7:33 | Player46887455 · wall_segment Palisade Wall x1 |
| 7:35 | Player46887455 · wall_segment Palisade Wall x1 |
| 7:46 | Player46887455 · wall_segment Palisade Wall x1 |
| 8:04 | Player46887455 · first_building Barracks |
| 8:59 | Player46887455 · wall_segment Palisade Wall x7 |
| 9:09 | gupo57 · wall_segment Palisade Wall x2 |
| 9:40 | gupo57 · wall_segment Palisade Wall x3 |
| 9:40 | gupo57 · age_up feudal |
| 9:41 | Player46887455 · age_up feudal |
| 10:23 | Player46887455 · wall_segment Palisade Wall x1 |
| 10:52 | Player46887455 · first_building Stable |
| 11:10 | Player46887455 · first_market_sell 100 stone |
| 11:12 | gupo57 · wall_segment Palisade Wall x2 |
| 11:14 | gupo57 · wall_segment Palisade Wall x3 |
| 11:15 | gupo57 · wall_segment Palisade Wall x1 |
| 11:30 | Player46887455 · wall_segment Palisade Wall x1 |
| 11:38 | Player46887455 · wall_segment Palisade Wall x1 |
| 12:24 | Player46887455 · wall_segment Palisade Wall x1 |
| 12:44 | gupo57 · wall_segment Stone Wall x1 |
| 12:45 | gupo57 · wall_segment Stone Wall x1 |
| 12:46 | gupo57 · wall_segment Stone Wall x1 |
| 12:47 | gupo57 · wall_segment Stone Wall x1 |
| 12:48 | gupo57 · wall_segment Stone Wall x1 |
| 12:48 | gupo57 · wall_segment Stone Wall x1 |
| 13:03 | Player46887455 · wall_segment Palisade Wall x1 |
| 13:05 | Player46887455 · wall_segment Palisade Wall x1 |
| 13:40 | Player46887455 · first_market_buy 100 food |
| 13:53 | Player46887455 · age_up castle |
| 14:00 | Player46887455 · wall_segment Palisade Wall x1 |
| 14:03 | Player46887455 · wall_segment Palisade Wall x3 |
| 14:14 | Player46887455 · wall_segment Palisade Wall x1 |
| 14:23 | gupo57 · wall_segment Stone Wall x1 |
| 14:24 | gupo57 · wall_segment Stone Wall x1 |
| 14:25 | gupo57 · wall_segment Stone Wall x1 |
| 14:27 | gupo57 · wall_segment Stone Wall x1 |
| 14:28 | gupo57 · wall_segment Stone Wall x1 |
| 14:31 | gupo57 · wall_segment Stone Wall x1 |
| 14:50 | gupo57 · wall_segment Stone Wall x1 |
| 14:51 | gupo57 · wall_segment Stone Wall x1 |
| 14:52 | gupo57 · wall_segment Stone Wall x1 |
| 14:53 | gupo57 · wall_segment Stone Wall x1 |
| 14:55 | gupo57 · wall_segment Stone Wall x1 |
| 14:57 | gupo57 · wall_segment Stone Wall x1 |
| 14:58 | gupo57 · wall_segment Stone Wall x1 |
| 15:44 | gupo57 · wall_segment Palisade Wall x3 |
| 15:46 | gupo57 · wall_segment Palisade Wall x4 |
| 15:49 | gupo57 · wall_segment Palisade Wall x3 |
| 16:14 | Player46887455 · wall_segment Palisade Wall x3 |
| 16:34 | gupo57 · wall_segment Stone Wall x1 |
| 16:35 | gupo57 · wall_segment Stone Wall x1 |
| 16:39 | gupo57 · wall_segment Stone Wall x1 |
| 16:59 | Player46887455 · first_building Siege Workshop |
| 19:00 | gupo57 · wall_segment Stone Wall x1 |
| 19:01 | gupo57 · wall_segment Stone Wall x1 |
| 19:03 | gupo57 · wall_segment Stone Wall x1 |
| 19:04 | gupo57 · wall_segment Stone Wall x1 |
| 19:32 | gupo57 · wall_segment Stone Wall x1 |
| 20:10 | gupo57 · wall_segment Stone Wall x1 |
| 20:18 | gupo57 · wall_segment Stone Wall x1 |
| 20:19 | gupo57 · wall_segment Stone Wall x1 |
| 20:20 | gupo57 · wall_segment Stone Wall x1 |
| 20:22 | gupo57 · wall_segment Stone Wall x1 |
| 20:48 | gupo57 · wall_segment Palisade Wall x4 |
| 20:53 | gupo57 · wall_segment Stone Wall x1 |
| 20:55 | gupo57 · wall_segment Stone Wall x1 |
| 20:57 | gupo57 · wall_segment Stone Wall x1 |
| 21:00 | gupo57 · wall_segment Stone Wall x1 |
| 21:02 | gupo57 · wall_segment Stone Wall x1 |
| 21:47 | gupo57 · wall_segment Stone Wall x1 |
| 21:48 | gupo57 · wall_segment Stone Wall x2 |
| 21:49 | gupo57 · wall_segment Stone Wall x1 |
| 25:27 | gupo57 · wall_segment Stone Wall x1 |
| 27:10 | gupo57 · resign |
[ AI ANALYSIS · 1 CREDIT ]
What really happened in this match?
Wolo.gg analyzes every decision: build order, eco, micro, common mistakes by bracket. Personalized analysis on WhatsApp or Discord in 30 seconds.
Civ guide
Tupi
Perfil
Jugador #25273866